 Dungeon Crawl Stone Soup version 0.21-a0-151-ga4fe563 (webtiles) character file.

490 KristoblXynda the Slasher (level 6, -26/48 HPs)
             Began as a Draconian Gladiator on July 30, 2017.
             Killed from afar by zkyp's ghost (38 damage)
             ... with a blast of metal fragments
             ... on level 4 of the Dungeon.
             The game lasted 00:06:28 (3549 turns).

KristoblXynda the Slasher (Draconian Gladiator)     Turns: 3549, Time: 00:06:29

Health: -26/48     AC:  8    Str: 16    XL:     6   Next: 90%
Magic:  6/6        EV: 13    Int: 11    God:
Gold:   89         SH:  4    Dex: 12    Spells: 5/5 levels left

rFire    . . .     SeeInvis .   a - +1 long sword
rCold    . . .     Gourm    .   m - +0 buckler
rNeg     . . .     Faith    .   (armour unavailable)
rPois    .         Spirit   .   b - +0 hat
rElec    .         Reflect  .   (no cloak)
rCorr    .         Harm     .   k - +0 pair of gloves
MR       .....                  j - +0 pair of boots
Stlth    +.........             i - amulet of regeneration
HPRegen  0.56/turn              (no ring)
MPRegen  0.10/turn              (no ring)

@: no status effects
A: unfitting armour, cold-blooded, AC +6
a: no special abilities


You were on level 4 of the Dungeon.
You were not hungry.

You visited 1 branch of the dungeon, and saw 4 of its levels.

You collected 89 gold pieces.

Inventory:

Hand Weapons
 a - a +1 long sword (weapon)
Missiles
 c - 3 throwing nets (quivered)
Armour
 b - a +0 hat (worn)
 j - a +0 pair of boots (worn)
 k - a +0 pair of gloves (worn)
 m - a +0 buckler (worn)
Jewellery
 i - an amulet of regeneration (around neck)
Scrolls
 g - a scroll of magic mapping
 l - a scroll of blinking
Potions
 e - a potion of invisibility
Comestibles
 d - 2 bread rations
 n - 4 meat rations


   Skills:
 - Level 2.1 Fighting
 * Level 6.8 Long Blades
 - Level 2.0 Throwing
 - Level 3.2 Dodging
 + Level 2.8 Shields


You had 5 spell levels left.
You didn't know any spells.

Dungeon Overview and Level Annotations

Branches:
Dungeon (4/15)
 Temple: D:4-7

Altars:
Hepliaklqana
Kikubaaqudgha
Xom

Annotations:
D:4 zkyp's ghost, novice DsEE


Innate Abilities, Weirdness & Mutations

Your plain brown scales are hard. (AC +6)
You cannot fit into any form of body armour.
You are cold-blooded and may be slowed by cold attacks.


Message History

You closely miss zkyp's ghost.
Your tail-slap misses zkyp's ghost.
Zkyp's ghost is severely damaged.
You block zkyp's ghost's attack.
You slash zkyp's ghost!
Zkyp's ghost is almost destroyed.
Zkyp's ghost hits you!
You barely miss zkyp's ghost.
Zkyp's ghost is almost destroyed.
Zkyp's ghost misses you.
You hit zkyp's ghost.
Zkyp's ghost is almost destroyed.
Zkyp's ghost gestures at you while chanting.
The metal wall shatters!
The blast of metal fragments hits you!
* * * LOW HITPOINT WARNING * * *
You hit zkyp's ghost.
Zkyp's ghost is almost destroyed.
Zkyp's ghost casts a spell at you.
The metal wall shatters!
The blast of metal fragments hits you!
Ouch! That really hurt!
You die...

.........# #.......#
#....... .........#
#.......# #.......
.........### ....##
#.......
####.......#######....#
#...(...
#.......#.....#.$..#
#.......
#.......+.....#..W.#
#.<.....#.....#....#
#.......#.....#....#
#.......#....@#(...#
#.......#####W#....#
##+##...........####
#...........#
#...........#
+...........#
#...........#
#...........#
#...........#


You could see zkyp's ghost.

Vanquished Creatures
  Grinder (D:3)
  An orc wizard (D:3)
  Natasha (thrice) (D:3)
  A worker ant (D:4)
  Robin (D:2)
  An adder (D:3)
  4 gnolls
  A dart slug (D:1)
  2 worms
  6 leopard geckos
  6 orcs
  3 ball pythons
  5 giant cockroaches
  19 goblins
  8 hobgoblins
  5 jackals
  2 quokkas
  7 bats
  5 frilled lizards
  4 kobolds
  12 rats
97 creatures vanquished.

Notes
Turn   | Place    | Note
-------+----------+-------------------------------------------
     0 | D:1      | KristoblXynda the Draconian Gladiator began the quest for the Orb.
     0 | D:1      | Reached XP level 1. HP: 17/17 MP: 1/1
   145 | D:1      | Reached XP level 2. HP: 18/24 MP: 2/2
  1017 | D:2      | Reached XP level 3. HP: 29/29 MP: 3/3
  1089 | D:2      | Reached skill level 4 in Long Blades
  1138 | D:3      | HP: 1/29 [gnoll/spear (1)]
  1591 | D:2      | Found a shimmering altar of Xom.
  1841 | D:2      | Reached XP level 4. HP: 36/36 MP: 4/4
  1865 | D:2      | Noticed Robin
  1900 | D:2      | Killed Robin
  2375 | D:2      | Reached skill level 5 in Long Blades
  2708 | D:3      | Noticed Natasha
  2714 | D:3      | Killed Natasha
  2714 | D:3      | Reached XP level 5. HP: 34/41 MP: 5/5
  2846 | D:3      | Noticed Natasha
  2859 | D:3      | Killed Natasha
  2859 | D:3      | Reached skill level 1 in Shields
  2878 | D:3      | Noticed Natasha
  2883 | D:3      | Killed Natasha
  3073 | D:3      | Noticed Grinder
  3085 | D:3      | Found a hazy altar of Hepliaklqana.
  3107 | D:3      | Killed Grinder
  3107 | D:3      | Reached skill level 6 in Long Blades
  3107 | D:3      | Reached XP level 6. HP: 13/48 MP: 6/6
  3390 | D:4      | Found an ancient bone altar of Kikubaaqudgha.
  3452 | D:4      | Noticed zkyp's ghost (novice DsEE)
  3549 | D:4      | Killed from afar by zkyp's ghost

Vault maps used:
D:1:      dpeg_arrival_boxorama
D:2:      tgw_xom, first_bread, nicolae_underground_beach, uniq_robin
D:3:      lemuel_coloured_pillars_altar, minmay_mini_jars, uniq_grinder,
          uniq_natasha
D:4:      old_standard_altar

Skill      XL: |  1  2  3  4  5 |
---------------+----------------+-----
Throwing       | 2 |  2.0
Long Blades    | 4 5 6 |  6.8
Dodging        | 3 |  3.2
Shields        | 2 |  2.8
Fighting       | |  2.1

Action                   |  1- 3 |  4- 6 || total
-------------------------+-------+-------++-------
Melee: Long sword        |    92 |   180 ||   272
       Tailslap          |    11 |    28 ||    39
  Use: Scroll            |     6 |     4 ||    10
       Potion            |     5 |     4 ||     9
 Stab: Sleeping          |     2 |       ||     2
  Eat: Bread ration      |     1 |       ||     1
       Chunk             |       |     4 ||     4
Armor: Skin              |    59 |    54 ||   113
Dodge: Dodged            |    96 |   145 ||   241
Block: Buckler           |       |    18 ||    18
       Rpst.: Long sword |    26 |    44 ||    70
